 Dungeon Crawl Stone Soup version 0.30-a0-651-g0755cc6dcf (webtiles) character file.

Game seed: 17801017274243274579

821 Oxelix the Cleaver (level 7, -12/64 HPs)
             Began as a Minotaur Fighter on Jan 18, 2023.
             Was an Initiate of Gozag.
             Killed from afar by Ijyb (16 damage)
             ... with a bolt of acid
             ... on level 5 of the Dungeon.
             The game lasted 00:06:41 (4128 turns).

Oxelix the Cleaver (Minotaur Fighter)               Turns: 4128, Time: 00:06:42

Health: -12/64     AC: -1    Str: 22    XL:     7   Next: 63%
Magic:  6/6        EV:  9    Int: 11    God:    Gozag
Gold:   408        SH:  9    Dex: 10    Spells: 6/6 levels left

rFire   . . .      SeeInvis .    e - +0 hand axe
rCold   . . .      Faith    .    c - +0 buckler
rNeg    . . .      Spirit   .    b - +0 scale mail
rPois   .          Reflect  +    (helmet restricted)
rElec   .          Harm     .    (no cloak)
rCorr   .          Rampage  .    (no gloves)
Will    .....                    (no boots) Stlth
                                 f - amulet of reflection
HPRegen 0.30/turn                x - +6 ring of intelligence
MPRegen 0.10/turn                (no ring)

@: corroded
A: horns 2, retaliatory headbutt
a: Renounce Religion, Potion Petition, Call Merchant, Bribe Branch


You were on level 5 of the Dungeon.
You worshipped Gozag.
Gozag was aware of your devotion.
You visited 1 branch of the dungeon, and saw 5 of its levels.

You collected 467 gold pieces.
You paid 59 gold pieces to Gozag.

Inventory:

Hand Weapons
 a - a +0 war axe
 e - a +0 hand axe (weapon)
Missiles
 o - 6 javelins (quivered)
 z - 5 poisoned darts
 B - 3 curare-tipped darts
Armour
 b - a +0 scale mail (worn)
 c - a +0 buckler (worn)
Jewellery
 f - an amulet of reflection (around neck)
 x - a +6 ring of intelligence (left hand)
Wands
 w - a wand of digging (1)
 E - a wand of flame (10)
Scrolls
 g - a scroll of enchant weapon {unknown}
 h - a scroll of amnesia {unknown}
 i - 2 scrolls of butterflies {unknown}
 l - a scroll of enchant armour {unknown}
 m - 2 scrolls of noise {unknown}
 n - 2 scrolls of poison {unknown}
 p - a scroll of silence {unknown}
 q - 2 scrolls of immolation {unknown}
 r - a scroll of blinking {unknown}
 s - a scroll of fog {unknown}
 y - a scroll of acquirement {unknown}
 A - 3 scrolls of identify {unknown}
 D - a scroll of fear {unknown}
Potions
 d - a potion of might
 j - 3 potions of curing {unknown}
 k - a potion of cancellation {unknown}
 t - a potion of mutation {unknown}
 u - a potion of magic {unknown}
 v - a potion of invisibility {unknown}
 C - a potion of degeneration {unknown}


   Skills:
 + Level 6.9 Fighting
 * Level 8.8 Axes
 - Level 3.6 Armour
 - Level 3.6 Shields


You had 6 spell levels left.
You didn't know any spells.
Your spell library contained the following spells:

 Spells                   Type           Power      Damage    Failure   Level
 Apportation              Tloc           0%         N/A       77%         1
 Foxfire                  Conj/Fire      0%         2x1d4     77%         1
 Necrotise                Necr           0%         1d4       77%         1
 Summon Small Mammal      Summ           0%         N/A       77%         1
 Ignite Poison            Fire/Tmut/Pois 0%         N/A       98%         3
 Kindle Blastsparks       Fire/Tloc/Air  0%         2d10      98%         3
 Fireball                 Conj/Fire      0%         3d3       100%        5
 Freezing Cloud           Conj/Ice/Air   0%         6-21      100%        5
 Starburst                Conj/Fire      0%         6d3       100%        6


Dungeon Overview and Level Annotations

Branches:
Dungeon (5/15)
 Temple: D:4-7

Altars:
Cheibriados
Dithmenos
Fedhas
Gozag
Zin

Shops:
D:3 **[(

Annotations:
D:5 Ijyb


Innate Abilities, Weirdness & Mutations

You have a pair of horns on your head.
You reflexively headbutt those who attack you in melee.


Message History

You hit Ijyb but do no damage. Your headbutt misses Ijyb.
Ijyb is moderately wounded.
Ijyb hits you with a +3 spectral club.
* * * LOW HITPOINT WARNING * * *
You barely miss Ijyb. You headbutt Ijyb, but do no damage.
Ijyb is moderately wounded.
You block Ijyb's attack.
You hit Ijyb but do no damage.
Ijyb is moderately wounded.
Ijyb hits you with a +3 spectral club.
* * * LOW HITPOINT WARNING * * *
Aiming: Throw Flame
Press: ? - help, Shift-Dir - straight line, f - Ijyb
Aim: Ijyb, wielding a +3 spectral club, wearing a +0 chain mail and carrying a wand of acid (6) (moderately wounded, 68% to hit)
The puff of flame hits Ijyb.
Ijyb is moderately wounded.
Ijyb closely misses you. You furiously retaliate!
You headbutt Ijyb. You barely miss Ijyb. Your headbutt misses Ijyb.
Ijyb is moderately wounded.
You block Ijyb's attack.
You barely miss Ijyb.
Ijyb is moderately wounded.
You block Ijyb's attack.
You hit Ijyb.
Ijyb is heavily wounded.
You block Ijyb's attack.
You barely miss Ijyb. You headbutt Ijyb.
Ijyb is heavily wounded.
You hit Ijyb but do no damage. You headbutt Ijyb, but do no damage.
Ijyb is heavily wounded.
Ijyb closely misses you.
You hit Ijyb but do no damage.
Ijyb is heavily wounded.
Ijyb zaps a wand.
The bolt of acid hits you!
* * * LOW HITPOINT WARNING * * *
You hit Ijyb but do no damage. You headbutt Ijyb, but do no damage.
Ijyb is heavily wounded.
Ijyb zaps a wand.
The bolt of acid hits you!
You die...
Your body crumbles into a pile of gold.

#.#.........#.#.#
#.#....#.#.##.#.# ..#
#.#.#<.#.#.##.#.# ..#
#.#.#..#)#.##.#.# ..##
#.#...).......#.# ...#
#.######...#..#.# ...#
#.##########....##...#
.....................#
###########.....@....#
#....g##...# #.....#
...# #####......#
..#...... ...#....#.#
...## ....!.. ....
....### gg.#. #...


You could see Ijyb.

Vanquished Creatures
  Grinder (D:3)
  An ogre (D:4)
  A centaur (D:5)
  A phantom (D:4)
  A necrophage (D:4)
  A bullfrog (D:4)
  A jelly (D:5)
  An orc priest (D:5)
  A hound (D:4)
  An iguana (D:5)
  2 gnolls (D:5)
  5 adders
  A worm (D:3)
  A dart slug (D:1)
  4 orcs
  12 ball pythons
  9 endoplasms
  4 giant cockroaches
  5 goblins
  9 hobgoblins
  3 jackals (D:4)
  9 bats
  6 frilled lizards
  4 kobolds
  6 rats
90 creatures vanquished.

Notes
Turn   | Place    | Note
-------+----------+-------------------------------------------
     0 | D:1      | Oxelix the Minotaur Fighter began the quest for the Orb.
     0 | D:1      | Reached XP level 1. HP: 19/19 MP: 0/0
   229 | D:1      | You fall into a shaft and drop 1 floor!
   276 | D:1      | Reached skill level 3 in Axes
   287 | D:1      | Reached XP level 2. HP: 25/27 MP: 1/1
   602 | D:1      | Reached XP level 3. HP: 33/33 MP: 2/2
  1031 | D:2      | Reached skill level 4 in Axes
  1981 | D:3      | Noticed Grinder
  1982 | D:3      | Paralysed by Grinder for 4 turns
  1996 | D:3      | Killed Grinder
  1997 | D:3      | Reached skill level 5 in Fighting
  1997 | D:3      | Reached skill level 6 in Axes
  1997 | D:3      | Reached XP level 4. HP: 7/42 MP: 3/3
  1997 | D:3      | Reached XP level 5. HP: 8/48 MP: 4/4
  2150 | D:3      | Found Peusm's Weapon Shop.
  2222 | D:3      | Found a snail-covered altar of Cheibriados.
  2248 | D:3      | Found a shadowy altar of Dithmenos.
  2248 | D:3      | Found a blossoming altar of Fedhas.
  2266 | D:3      | Reached XP level 6. HP: 56/56 MP: 5/5
  2266 | D:3      | Found Boneucus's Antique Armour Emporium.
  2276 | D:3      | Found Wowiax's Assorted Antiques.
  2298 | D:3      | Found an opulent altar of Gozag.
  2304 | D:3      | Became a worshipper of Gozag Ym Sagoz the Greedy
  2324 | D:3      | Found Ripun's General Store.
  2369 | D:3      | Found a glowing silver altar of Zin.
  2911 | D:4      | Reached skill level 7 in Axes
  3159 | D:4      | Reached XP level 7. HP: 63/63 MP: 6/6
  3299 | D:4      | Reached skill level 8 in Axes
  3575 | D:5      | Entered Level 5 of the Dungeon
  4104 | D:5      | Noticed Ijyb
  4128 | D:5      | Killed from afar by Ijyb

Illustrated notes

Levels and vault maps discovered:
D:1:      wheals_arrival_linesprint, layout_basic, minmay_misc_feat_hallway,
          grunt_decor_mini_mirrors
D:2:      layout_basic
D:3:      layout_rooms, cheibriados_altar_1,
          pdpol_temple_overflow_zin_treasury_gozag_greed,
          mainiacjoe_overflow_divided_tiny, serial_shops,
          nicolae_shop_statue_plus, nicolae_lakefront_shop, shop, shop,
          uniq_grinder
D:4:      layout_basic
D:5:      layout_basic, minmay_temple_entry_tees, hangedman_decor_opposing,
          uniq_ijyb

Skill      XL: |  1  2  3  4  5  6  7 |
---------------+----------------------+-----
Axes           | 3 6 7 8 |  8.8
Fighting       | 4 5 6 |  6.9
Armour         | |  3.6
Shields        | |  3.6

Action                   |  1- 3 |  4- 6 |  7- 9 || total
-------------------------+-------+-------+-------++-------
Melee: Hand axe          |   120 |    62 |    46 ||   228
       War axe           |     4 |     5 |    19 ||    28
       Headbutt          |    16 |     7 |    13 ||    36
Evoke: Wand              |       |       |     1 ||     1
  Use: Potion            |     1 |       |       ||     1
Armor: Scale mail        |    57 |    19 |    11 ||    87
Dodge: Dodged            |    51 |    24 |     7 ||    82
Block: Buckler           |    28 |    22 |    28 ||    78
       Reflection        |       |       |     3 ||     3

Table legend: (Time is in decaauts)
 A = Elapsed time spent in this place.
 B = Non-inter-level travel time spent in this place.
 C = Inter-level travel time spent in this place.
 D = Time resting spent in this place.
 E = Time spent auto-exploring this place.
 F = Levels seen in this place.
 G = Mean time per level.
                   A        B        C        D        E       F      G
               +--------+--------+--------+--------+--------+-----+--------+
         Total |   4144 |   3904 |    240 |    288 |   2733 |   5 |  828.8 |
       Dungeon |   4144 |   3904 |    240 |    288 |   2733 |   5 |  828.8 |
               +--------+--------+--------+--------+--------+-----+--------+

Top non-repeatable levels by time:
     D:4: 1081 daAuts
     D:1: 993 daAuts
     D:2: 988 daAuts
     D:3: 565 daAuts
     D:5: 516 daAuts
